 Dungeon Crawl Stone Soup version 0.29-a0-8-g0446c0dae4 (webtiles) character file.

Game seed: 201025762901774285

1757 testman the Cudgeller (level 8, -1/67 (83) HPs)
             Began as a Troll Berserker on Jan 27, 2022.
             Was a Priest of Trog.
             Slain by a wight (4 damage)
             ... on level 6 of the Dungeon.
             The game lasted 00:13:15 (3798 turns).

testman the Cudgeller (Troll Berserker)             Turns: 3798, Time: 00:13:17

HP:   -1/67 (83)    AC:  9    Str: 28    XL:     8   Next: 79%
MP:   7/7           EV: 10    Int:  3    God:    Trog [***...]
Gold: 284           SH:  5    Dex:  9    Spells: 7/7 levels left

rFire   + . .      SeeInvis .   u - +0 giant spiked club
rCold   . . .      Faith    .   (shield currently unavailable)
rNeg    . . .      Spirit   .   b - +0 animal skin
rPois   .          Reflect  +   (helmet restricted)
rElec   .          Harm     .   d - +0 cloak
rCorr   .          Rampage  .   (gloves unavailable)
Will    .....                   (boots unavailable)
Stlth   +.........              h - amulet of reflection
HPRegen 1.01/turn               o - +4 ring of protection
MPRegen 0.10/turn               p - ring of protection from fire

@: on berserk cooldown, slowed, heavily drained, very slow
A: large, unfitting armour, claws 3, regeneration 1, shaggy fur 1, tough skin 1
a: Renounce Religion, Berserk, Trog's Hand


You were on level 6 of the Dungeon.
You worshipped Trog.
Trog was most pleased with you.
You visited 1 branch of the dungeon, and saw 7 of its levels.

You collected 364 gold pieces.
You spent 80 gold pieces at shops.

Inventory:

Hand Weapons
 u - a +0 giant spiked club (weapon)
Missiles
 a - a throwing net
 g - 228 stones (quivered)
 q - 4 curare-tipped darts
 s - 5 javelins
 t - a large rock
 v - 14 poisoned darts
Armour
 b - a +0 animal skin (worn)
 d - a +0 cloak (worn)
Jewellery
 h - an amulet of reflection (around neck)
 o - a +4 ring of protection (left claw)
 p - a ring of protection from fire (right claw)
Scrolls
 e - a scroll of amnesia {unknown}
 j - 4 scrolls of teleportation {unknown}
 l - 2 scrolls of holy word {unknown}
 n - 10 scrolls of identify {unknown}
 w - 2 scrolls of noise {unknown}
 x - a scroll of summoning {unknown}
 y - a scroll of immolation {unknown}
Potions
 c - 2 potions of lignification {unknown}
 f - 2 potions of might {unknown}
 i - 3 potions of mutation {unknown}
 k - 2 potions of heal wounds
 m - 5 potions of curing
 r - a potion of brilliance {unknown}
 z - a potion of haste {unknown}


   Skills:
 + Level 6.3 Fighting
 + Level 6.9 Maces & Flails
 + Level 4.9 Throwing
 - Level 2.4 Dodging


You had 7 spell levels left.
You didn't know any spells.
Your spell library was empty.

Dungeon Overview and Level Annotations

Branches:
Dungeon (7/15)
 Temple: D:4-7

Altars:
Kikubaaqudgha
Qazlal
Wu Jian
Zin

Shops:
D:2 !


Innate Abilities, Weirdness & Mutations

You are too large for most types of armour.
You have claws for hands.
Your natural rate of healing is unusually fast.
You are covered in fur. (AC +1)
You have tough skin. (AC +1)


Message History

Your skin crawls.
You feel strong-willed. The wight hits you but does no damage.
The wight hits you with a +4 dagger of freezing.
The wight freezes you.
You closely miss the wight.
You feel the effects of Trog's Hand fading.
The wight hits you with a +4 dagger of freezing.
You feel drained. The wight freezes you. The wight closely misses you.
You sock the wight!
The wight is almost destroyed.
The wight hits you with a +4 dagger of freezing.
You feel drained. The wight freezes you. You block the wight's attack.
You hit the wight but do no damage.
The wight is almost destroyed.
The wight hits you with a +4 dagger of freezing!
You feel drained. The wight freezes you. You block the wight's attack.
You closely miss the wight.
The wight is almost destroyed.
Your skin stops crawling.
You feel less strong-willed. The wight barely misses you.
The wight hits you with a +4 dagger of freezing.
* * * LOW HITPOINT WARNING * * *
The wight freezes you.
* * * LOW HITPOINT WARNING * * *
You barely miss the wight.
The wight is almost destroyed.
The wight hits you but does no damage. You block the wight's attack.
The wight hits you with a +4 dagger of freezing.
* * * LOW HITPOINT WARNING * * *
The wight freezes you.
* * * LOW HITPOINT WARNING * * *
You barely miss the wight.
The wight is almost destroyed.
The wight hits you with a +4 dagger of freezing!
* * * LOW HITPOINT WARNING * * *
You feel drained.
* * * LOW HITPOINT WARNING * * *
The wight freezes you.
You die...

...##.>..###รท....#.....##
####[.. ...##.###.#......#......#
#... ######.....#.....#.....##
#... ##
##......#......#.###.######... .#
#.#.....#.....###..)..#..##... .#
#.#......#.###.#......#......)
.###.#.....###.....#.....#.###...
..#...#.###.#..z...#......####...
###...##.....#..@..#.....####..##
###...#......#......#.###.#...##
.#.#.#.#.....#.....###.....####
.#.#.#.#....).#.###.#......#
.#.#.#.#.....###.....#.....######
#...#...#.###.#......#......#....
#...#...##.....#.....#.....##....
#...#...#......#......#.###.#....
.#.#.#.#.#.....#.....###...#.)...


You could see a wight.

Vanquished Creatures
  A sky beast (D:5)
  A black bear (D:4)
  4 ice beasts
  3 ogres
  2 necrophages (D:6)
  A centaur (D:6)
  A kobold brigand (D:4)
  A bullfrog (D:6)
  A water moccasin skeleton (D:4)
  2 howler monkeys
  4 hounds
  An orc priest (D:5)
  A bullfrog skeleton (D:6)
  3 iguanas
  An orc wizard (D:5)
  A scorpion zombie (D:4)
  4 adders
  A white imp (D:6)
  An adder skeleton (D:4)
  An adder zombie (D:4)
  3 worms (D:2)
  2 dart slugs
  10 orcs
  6 ball pythons (D:1)
  4 endoplasms
  3 giant cockroaches
  2 goblins (D:1)
  11 hobgoblins
  3 jackals (D:2)
  3 quokkas
  7 bats
  6 frilled lizards
  11 kobolds
  A quokka skeleton (D:4)
  A quokka zombie (D:4)
  7 rats
  A bush (D:4)
116 creatures vanquished.

Vanquished Creatures (others)
  An endoplasm (D:4)
  6 plants (D:4)
  3 withered plants (D:4)
10 creatures vanquished.

Grand Total: 126 creatures vanquished

Notes
Turn   | Place    | Note
-------+----------+-------------------------------------------
     0 | D:1      | testman the Troll Berserker began the quest for the Orb.
     0 | D:1      | Reached XP level 1. HP: 22/22 MP: 0/0
   127 | D:1      | Reached XP level 2. HP: 24/29 MP: 1/1
   343 | D:1      | Reached ** piety under Trog
   374 | D:1      | Reached XP level 3. HP: 37/37 MP: 2/2
   495 | D:1      | Found a faded altar of an unknown god.
   722 | D:2      | Identified the +1 ring mail of Ubot {rElec rPois rC-}
   863 | D:2      | Found Guykocaw's Distillery.
   871 | D:2      | Bought a potion of heal wounds for 50 gold pieces
   871 | D:2      | Bought a potion of curing for 30 gold pieces
   978 | D:2      | Reached XP level 4. HP: 45/45 MP: 3/3
  1925 | D:4      | Noticed a black bear
  1934 | D:4      | Killed a black bear
  1935 | D:4      | Reached XP level 5. HP: 54/54 MP: 4/4
  2052 | D:4      | Found a stormy altar of Qazlal.
  2066 | D:4      | Noticed an ogre
  2074 | D:4      | Killed an ogre
  2075 | D:4      | Reached skill level 1 in Throwing
  2075 | D:4      | Reached XP level 6. HP: 63/63 MP: 5/5
  2108 | D:4      | Reached *** piety under Trog
  2182 | D:4      | Reached skill level 5 in Maces & Flails
  2295 | D:4      | Reached XP level 7. HP: 71/71 MP: 6/6
  2427 | D:4      | Found an ancient bone altar of Kikubaaqudgha.
  2433 | D:4      | Found an ornate altar of the Wu Jian Council.
  2435 | D:4      | Found a glowing silver altar of Zin.
  2516 | D:5      | Entered Level 5 of the Dungeon
  2611 | D:5      | Reached skill level 5 in Fighting
  3153 | D:6      | Reached XP level 8. HP: 59/81 MP: 7/7
  3798 | D:6      | HP: 3/67 [wight (2)]
  3798 | D:6      | Slain by a wight

Illustrated notes

Levels and vault maps discovered:
D:1:      evilmike_arrival_hilbert_curve, layout_rooms, serial_rivers,
          chequers_serial_rivers_room_a, chequers_serial_rivers_micro_b,
          chequers_serial_rivers_micro_c, chequers_serial_rivers_small_3,
          shapermc_ecumenical_altar_mp_urbaneastern, minmay_misc_feat_doors,
          minmay_split_cup_large
D:2:      layout_basic, serial_shops, nicolae_shop_hallway_stairs,
          chequers_serial_rivers_large_a, kennysheep_boxes
D:3:      layout_basic, serial_park_tiny_pond
D:4:      layout_rooms, grunt_qazlal_sundering, minitemple, serial_undead,
          serial_undead_b, serial_undead_b, serial_undead_b, serial_undead_b,
          lexackson_kobold_supper
D:5:      layout_basic
D:6:      nicolae_BIG_FREAKIN_CUBE, layout_rooms, roderic_serpentine_path,
          kennysheep_generic_room_10
D:7:      layout_rooms, mainiacjoe_overflow_small_starburst,
          minmay_temple_entry_junction_2, uniq_duvessa

Skill      XL: |  1  2  3  4  5  6  7  8 |
---------------+-------------------------+-----
Maces & Flails | 3 4 5 6 |  6.9
Fighting       | 3 4 5 6 |  6.3
Throwing       | 1 2 3 4 |  4.9
Dodging        | |  2.4

Action                   |  1- 3 |  4- 6 |  7- 9 || total
-------------------------+-------+-------+-------++-------
Melee: Mace              |   136 |    93 |       ||   229
       Punch             |       |     1 |       ||     1
       Giant spiked club |       |    36 |   156 ||   192
Throw: Javelin           |       |     4 |       ||     4
       Stone             |       |     2 |     5 ||     7
       Large rock        |       |     1 |       ||     1
Invok: Berserk           |       |     2 |     1 ||     3
       Trog's Hand       |       |     1 |     1 ||     2
  Use: Potion            |       |       |     1 ||     1
Armor: Animal skin       |    71 |    70 |    86 ||   227
Dodge: Dodged            |    61 |    98 |    76 ||   235
Block: Other             |    13 |    56 |    33 ||   102
       Reflection        |     2 |     2 |     1 ||     5

Table legend: (Time is in decaauts)
 A = Elapsed time spent in this place.
 B = Non-inter-level travel time spent in this place.
 C = Inter-level travel time spent in this place.
 D = Time resting spent in this place.
 E = Time spent auto-exploring this place.
 F = Levels seen in this place.
 G = Mean time per level.
                   A        B        C        D        E       F      G
               +--------+--------+--------+--------+--------+-----+--------+
         Total |   4016 |   3867 |    149 |     62 |   2691 |   7 |  573.7 |
       Dungeon |   4016 |   3867 |    149 |     62 |   2691 |   7 |  573.7 |
               +--------+--------+--------+--------+--------+-----+--------+

Top non-repeatable levels by time:
     D:2: 742 daAuts
     D:1: 689 daAuts
     D:4: 681 daAuts
     D:6: 679 daAuts
     D:5: 650 daAuts
     D:3: 548 daAuts
     D:7: 24 daAuts
